 Dungeon Crawl Stone Soup version 0.16.1-11-g651b585 (webtiles) character file.

95 sugabear the Charmwright (level 4, -3/27 HPs)
             Began as a Gargoyle Skald on Apr 1, 2015.
             Slain by an orc
             ... wielding a +0 falchion
              (5 damage)
             ... on level 3 of the Dungeon.
             The game lasted 00:04:10 (2036 turns).

sugabear the Charmwright (Gargoyle Skald)           Turns: 2036, Time: 00:04:10

Health: -3/27      AC: 10    Str: 16    XL:     4   Next: 65%
Magic:  4/8        EV: 11    Int: 13    God:
Gold:   129        SH:  0    Dex:  9    Spells: 3 memorised, 3 levels left

rFire  . . .     SeeInvis .     j - +0 war axe
rCold  . . .     Clarity  .     b - +0 leather armour
rNeg   + . .     SustAb   .     (no shield)
rPois  ∞         Gourm    .     t - +0 helmet
rElec  +         Spirit   .     (no cloak)
rCorr  .         Warding  .     l - +2 pair of gloves
rMut   .         Stasis   .     (no boots)
MR     .....                    (no amulet)
Stlth  +.........               (no ring)
                                o - ring of invisibility

@: shrouded, singing, not resistant to hostile enchantments, very unstealthy
A: negative energy resistance 1, electricity resistance, unbreathing,
petrification resistance, rot immunity, AC +3
a: Stop Singing, Evoke Invisibility


You were on level 3 of the Dungeon.
You were not hungry.

You visited 1 branch of the dungeon, and saw 3 of its levels.

You collected 129 gold pieces.

Inventory:

Hand weapons
 j - a +0 war axe (weapon)
Armour
 b - a +0 leather armour (worn)
 l - a +2 pair of gloves (worn)
 p - a steam dragon hide
 t - a +0 helmet (worn)
Jewellery
 o - a ring of invisibility (left hand)
Scrolls
 e - 3 scrolls of identify {unknown}
 f - 2 scrolls of random uselessness {unknown}
 i - a scroll of enchant weapon {unknown}
 k - 2 scrolls of magic mapping {unknown}
 n - a scroll of amnesia {unknown}
 q - 3 scrolls of remove curse {unknown}
Potions
 a - a potion of resistance {unknown}
 g - a potion of cure mutation {unknown}
 r - a potion of agility {unknown}
 s - a potion of mutation {unknown}
 u - a potion of curing {unknown}
Books
 c - a book of Battle

   Spells                             Type                      Level
   a - Infusion                       Charms                       1
   b - Shroud of Golubria             Charms/Translocation         2
   c - Song of Slaying                Charms                       2
   d - Spectral Weapon                Hexes/Charms                 3
   e - Regeneration                   Charms/Necromancy            3
Comestibles
 d - a bread ration
 h - a royal jelly
 m - 2 beef jerkies
 v - a chunk of flesh


   Skills:
 + Level 2.5 Fighting
 + Level 2.4 Axes
 + Level 1.7 Armour
 + Level 1.2 Dodging
 + Level 0.5 Stealth
 + Level 2.5 Spellcasting
 + Level 3.2 Charms
 + Level 0.5 Translocations


You had 3 spell levels left.
You knew the following spells:

 Your Spells              Type           Power        Failure   Level  Hunger
a - Infusion              Chrm           ##....       10%         1    #......
b - Shroud of Golubria    Chrm/Tloc      #.........   21%         2    ###....
c - Song of Slaying       Chrm           ##......     14%         2    ###....


Dungeon Overview and Level Annotations

Branches:
Dungeon (3/15)

Altars:
Yredelemnul
Zin


Innate Abilities, Weirdness & Mutations

You are resistant to torment.
You are immune to poison.
Your stone body is very resilient (AC +3).
You resist negative energy.
You are resistant to electric shocks.
You can survive without breathing.
You are immune to petrification.
You are immune to rotting.


Message History

Found a basalt altar of Yredelemnul.
Casting: Shroud of Golubria
Confirm with . or Enter, or press ? or * to list all spells.
Space distorts slightly along a thin shroud covering your body.
The orc priest calls down the wrath of Beogh upon you.
Something smites you!
* * * LOW HITPOINT WARNING * * *
Casting: Shroud of Golubria
Confirm with . or Enter, or press ? or * to list all spells.
You start singing a song of slaying.
You hear a shout!
You hit the orc.
The orc is heavily wounded.
The orc barely misses you.
An orc comes into view. It is wielding a mace.
You barely miss the orc.
The orc is heavily wounded.
The orc hits you but does no damage. The orc priest closely misses you.
The orc hits you with a falchion.
You die...

######## #......#
#......# ######
#####......####.....
#.......>.....'.....
#####......#'######.....
#..........#.........†..
#.###..@....############
#.....oo....#
#..###'###..# #. #o#
#.## # #o# #.. #_. +...
#.# #..# #.# . #+#


You could see an orc priest and 3 orcs.

Vanquished Creatures
  An iguana (D:3)
  2 adders
  A giant mite (D:1)
  A worm (D:2)
  2 giant geckos (D:1)
  An ooze (D:1)
  An orc (D:3)
  A hobgoblin (D:3)
  7 kobolds
  6 bats
  A giant cockroach (D:2)
  5 giant newts
  2 goblins
  A quokka (D:3)
  13 rats
45 creatures vanquished.

Notes
Turn   | Place    | Note
--------------------------------------------------------------
     0 | D:1      | sugabear, the Gargoyle Skald, began the quest for the Orb.
     0 | D:1      | Reached XP level 1. HP: 12/12 MP: 3/3
   498 | D:1      | Reached XP level 2. HP: 9/18 MP: 0/4
   638 | D:1      | Learned a level 2 spell: Shroud of Golubria
   641 | D:1      | Learned a level 2 spell: Song of Slaying
   938 | D:1      | Reached skill level 3 in Charms
  1031 | D:2      | Reached XP level 3. HP: 17/22 MP: 3/6
  1296 | D:2      | Reached skill level 1 in Dodging
  1437 | D:2      | Found a glowing silver altar of Zin.
  1618 | D:3      | Reached XP level 4. HP: 8/27 MP: 1/8
  2031 | D:3      | Found a basalt altar of Yredelemnul.
  2036 | D:3      | Slain by an orc

Action                   |  1- 3 |  4- 6 || total
-------------------------+-------+-------++-------
Melee: Hand axe          |    93 |       ||    93
       War axe           |    25 |    22 ||    47
 Cast: Infusion          |     4 |     1 ||     5
       Shroud of Golubri |     7 |     2 ||     9
       Song of Slaying   |     2 |     2 ||     4
  Eat: Chunk             |     3 |     2 ||     5
